 Dungeon Crawl Stone Soup version 0.17-a0-1403-g9df874c (webtiles) character file.

307 Fluffy the Slasher (level 6, -1/45 HPs)
             Began as a Demonspawn Gladiator on June 20, 2015.
             Killed from afar by Ijyb (12 damage)
             ... with a wand of cold
             ... on level 3 of the Dungeon.
             The game lasted 00:05:01 (2468 turns).

Fluffy the Slasher (Demonspawn Gladiator)           Turns: 2468, Time: 00:05:01

Health: -1/45      AC: 12    Str: 17    XL:     6   Next: 16%
Magic:  6/6        EV:  7    Int: 10    God:
Gold:   87         SH:  0    Dex: 13    Spells: 0 memorised, 5 levels left

rFire  . . .     SeeInvis .     a - +0 long sword
rCold  . . .     Clarity  .     k - +0 chain mail
rNeg   . . .     SustAt   .     (no shield)
rPois  .         Gourm    .     c - +0 helmet
rElec  .         Spirit   .     b - +1 cloak
rCorr  .         Warding  .     (no gloves)
rMut   .         Stasis   .     (no boots)
MR     .....                    (no amulet)
Stlth  ..........               (no ring)
                                (no ring)

@: not resistant to hostile enchantments, extremely unstealthy
A: talons 1, rugged brown scales 1, spiny 1
a: no special abilities


You were on level 3 of the Dungeon.
You were not hungry.

You visited 1 branch of the dungeon, and saw 3 of its levels.

You collected 87 gold pieces.

Inventory:

Hand weapons
 a - a +0 long sword (weapon)
Missiles
 d - 3 throwing nets
 i - 8 javelins (quivered)
Armour
 b - a +1 cloak (worn)
 c - a +0 helmet (worn)
 k - a +0 chain mail (worn)
Scrolls
 g - 2 scrolls of teleportation {unknown}
Potions
 f - 3 potions of heal wounds {unknown}
 h - a potion of haste {unknown}
 m - a potion of degeneration {unknown}
Comestibles
 e - a bread ration
 j - 2 fruits
 l - a chunk of flesh


   Skills:
 - Level 2.0 Fighting
 + Level 6.3 Long Blades
 - Level 1.7 Throwing
 - Level 2.6 Dodging


You had 5 spell levels left.
You didn't know any spells.

Dungeon Overview and Level Annotations

Branches:
Dungeon (3/15)

Altars:
Trog

Annotations:
D:3 Ijyb


Innate Abilities, Weirdness & Mutations

You have sharp toenails.
You are partially covered in rugged brown scales (AC +1, +3% HP).
You are partially covered in sharp spines.


Message History

Ijyb the Twisted Goblin comes into view.
He is wielding a dagger.
Ijyb shouts!
You closely miss Ijyb. Your kick misses Ijyb.
Ijyb zaps a wand.
The bolt of cold hits you!
It is a wand of cold.
You slash Ijyb! You claw Ijyb, but do no damage.
Ijyb is moderately wounded.
Ijyb zaps a wand.
The bolt of cold hits you!
* * * LOW HITPOINT WARNING * * *
You are too injured to fight recklessly!
You are too injured to fight recklessly!
Your chain mail prevents you from hitting Ijyb.
You claw Ijyb, but do no damage.
Ijyb is moderately wounded.
Ijyb zaps a wand.
The bolt of cold hits you!
* * * LOW HITPOINT WARNING * * *
Drink which item? (? for menu, Esc to quit)
You feel better. Ijyb barely misses you.
Drink which item? (? for menu, Esc to quit)
You feel better.
Ijyb zaps a wand.
The bolt of cold hits you!
You die...

#######
#.....########
#............##
#..@#..8..#...##
#..g##.(.##....##
#...#######.....##
#...# #....)<#
#...# #....†)#
#.... .........#
#.... .........##
##### #...#....#
#####.....


You could see Ijyb.

Vanquished Creatures
  Sigmund (D:2)
  Crazy Yiuf (D:2)
  Terence (D:2)
  Robin (D:2)
  3 adders (D:2)
  An ooze (D:1)
  A giant gecko (D:1)
  3 orcs (D:3)
  2 ball pythons
  4 bats
  3 giant cockroaches
  17 goblins
  6 hobgoblins
  3 kobolds
  7 rats
54 creatures vanquished.

Notes
Turn   | Place    | Note
--------------------------------------------------------------
     0 | D:1      | Fluffy the Demonspawn Gladiator began the quest for the Orb.
     0 | D:1      | Reached XP level 1. HP: 16/16 MP: 1/1
   279 | D:1      | Reached skill level 3 in Long Blades
   296 | D:1      | Gained mutation: You are partially covered in rugged brown scales (AC +1, +3% HP). [demonic ancestry]
   296 | D:1      | Reached XP level 2. HP: 5/22 MP: 2/2
  1363 | D:2      | Gained mutation: You are partially covered in sharp spines. [demonic ancestry]
  1363 | D:2      | Reached XP level 3. HP: 25/27 MP: 3/3
  1389 | D:2      | Reached skill level 4 in Long Blades
  1456 | D:2      | Noticed Terence
  1466 | D:2      | Killed Terence
  1514 | D:2      | Reached XP level 4. HP: 31/33 MP: 4/4
  1527 | D:2      | Noticed Robin
  1542 | D:2      | Killed Robin
  1652 | D:2      | Noticed Sigmund
  1664 | D:2      | Killed Sigmund
  1664 | D:2      | Reached skill level 6 in Long Blades
  1664 | D:2      | Gained mutation: You have sharp toenails. [demonic ancestry]
  1664 | D:2      | Reached XP level 5. HP: 23/39 MP: 5/5
  1818 | D:2      | Found a bloodstained altar of Trog.
  1949 | D:2      | Noticed Crazy Yiuf
  1966 | D:2      | Killed Crazy Yiuf
  1966 | D:2      | Reached XP level 6. HP: 10/45 MP: 6/6
  2462 | D:3      | Noticed Ijyb
  2466 | D:3      | HP: 1/45 [Ijyb/wand of cold (10)]
  2468 | D:3      | Killed from afar by Ijyb

Vault maps used:
D:1:      minmay_arrival_four_circles, serial_co_window_serial,
          co_window_paths_a, co_window_paths_a, co_window_paths_a,
          co_window_paths_a, co_window_of_opportunity_a, co_window_corner_cb,
          co_window_of_opportunity_c, co_window_unsneaky_path_e,
          co_window_broadway_c, co_window_broadway_c, co_window_2corner,
          co_window_cross_2, glass_columns_c, glass_columns_a
D:2:      bloody_trog, uniq_sigmund, uniq_robin, uniq_terence,
          uniq_crazy_yiuf_cottage
D:3:      st_stairs_5, minivault_14, serial_bayou_pond_e,
          minmay_misc_feat_ornament, minmay_misc_feat_alley,
          minmay_misc_feat_nine_boxes, mrwooster_statue_mirror,
          nicolae_qazlal_eye_of_the_storm, uniq_iyjb, uniq_jessica

Action                   |  1- 3 |  4- 6 || total
-------------------------+-------+-------++-------
Melee: Long sword        |    84 |    56 ||   140
Throw: Javelin           |     4 |     2 ||     6
  Use: Potion            |       |     2 ||     2
 Stab: Invisible         |       |     3 ||     3
  Eat: Chunk             |     2 |     3 ||     5
